 Dungeon Crawl Stone Soup version 0.28-a0-401-ge240ad9e29 (webtiles) character file.

Game seed: 4548666537422962479

32 mistaj the Skirmisher (level 3, -5/24 HPs)
             Began as a Gargoyle Fighter on Sept 4, 2021.
             Killed from afar by an orc wizard (8 damage)
             ... with a puff of flame
             ... on level 3 of the Dungeon.
             The game lasted 00:02:45 (1671 turns).

mistaj the Skirmisher (Gargoyle Fighter)            Turns: 1671, Time: 00:02:46

Health: -5/24      AC: 10    Str: 19    XL:     3   Next: 27%
Magic:  3/3        EV:  9    Int:  9    God:
Gold:   75         SH:  0    Dex:  9    Spells: 2/2 levels left

rFire   . . .      SeeInvis .   a - +0 flail
rCold   . . .      Faith    .   c - +0 buckler
rNeg    + . .      Spirit   .   b - +0 scale mail
rPois   ∞          Reflect  .   (no helmet)
rElec   +          Harm     .   (no cloak)
rCorr   .          Rampage  .   (no gloves)
Will    .....                   (no boots)
Stlth   ..........              (no amulet)
HPRegen 0.08/turn               (no ring)
MPRegen 0.08/turn               (no ring)

@: confused
A: sickness immunity, AC +3, negative energy resistance 1, electricity
resistance, torment resistance 1, petrification resistance
a: no special abilities


You were on level 3 of the Dungeon.
You visited 1 branch of the dungeon, and saw 3 of its levels.

You collected 75 gold pieces.

Inventory:

Hand Weapons
 a - a +0 flail (weapon)
Armour
 b - a +0 scale mail (worn)
 c - a +0 buckler (worn)
Scrolls
 g - a scroll of identify {unknown}
 i - a scroll of enchant armour {unknown}
 k - a scroll of amnesia {unknown}
 l - 3 scrolls of fog {unknown}
Potions
 d - 2 potions of might
 e - a potion of degeneration {unknown}
 f - a potion of haste {unknown}
 h - a potion of attraction {unknown}
 j - a potion of heal wounds {unknown}
 m - a potion of curing {unknown}


   Skills:
 + Level 3.8 Fighting
 * Level 3.2 Maces & Flails
 - Level 3.2 Armour
 - Level 3.2 Shields


You had 2 spell levels left.
You didn't know any spells.
Your spell library was empty.

Dungeon Overview and Level Annotations

Branches:
Dungeon (3/15)

Altars:

Shops:
D:1 !


Innate Abilities, Weirdness & Mutations

You are immune to sickness and miasma.
Your stone body is resilient. (AC +3)
You are immune to poison.
You resist negative energy. (rN+)
You are resistant to electric shocks. (rElec)
You are resistant to unholy torment.
You are immune to petrification.


Message History

Something tries to affect you, but you resist.
You hit something. Something hits you but does no damage.
You miss something.
You hear some strange, mumbled words.
A magic dart appears from out of thin air!
The magic dart hits you.
You miss something.
Something hits you but does no damage. x2
You miss something. Something hits you but does no damage.
You miss something. Something hits you but does no damage.
You closely miss something. You block something's attack. Something hits you.
You barely miss something. Something hits you but does no damage.
You closely miss something. Something hits you.
You miss something. Something hits you.
You closely miss something. Something hits you but does no damage.
Something hits you.
You thump something! You block something's attack.
Your scale mail prevents you from hitting something.
Something hits you but does no damage.
You closely miss something. Something hits you but does no damage.
You closely miss something.
You hear some strange, mumbled words.
A magic dart appears from out of thin air!
The magic dart hits you. Something hits you but does no damage.
You closely miss something.
You hear some strange, mumbled words.
You are confused.
A magic dart appears from out of thin air!
The magic dart hits you!
* * * LOW HITPOINT WARNING * * *
An orc wizard appears from thin air!
Reactivating autopickup.
The orc wizard casts a spell.
The orc wizard flickers and vanishes!
Deactivating autopickup; reactivate with Ctrl-A.
A magic dart appears from out of thin air!
The magic dart hits you but does no damage.
You hear some strange, mumbled words.
A puff of flame appears from out of thin air!
The puff of flame hits you!
You die...

##########
######....#...##
#............>.##
#..#.....#......#
#####.......[..{....#
.........#.#>...@...#
######.............##
#...#.#.....<.#
#.........##..#
###.#.....#.##..#
####...........##.>#
.....#..####..###..#
#####...# #.## ##..
###.#.# #.# ...


There were no monsters in sight!

Vanquished Creatures
  A dart slug (D:2)
  2 orcs
  2 endoplasms (D:2)
  2 giant cockroaches
  A goblin (D:2)
  2 hobgoblins (D:1)
  A quokka (D:1)
  2 ball pythons
  7 bats
  2 frilled lizards (D:1)
  3 kobolds
  3 rats
28 creatures vanquished.

Notes
Turn   | Place    | Note
-------+----------+-------------------------------------------
     0 | D:1      | mistaj the Gargoyle Fighter began the quest for the Orb.
     0 | D:1      | Reached XP level 1. HP: 14/14 MP: 1/1
    16 | D:1      | Found Ugipsod's Distillery.
   208 | D:1      | Reached XP level 2. HP: 13/19 MP: 2/2
  1150 | D:2      | Reached XP level 3. HP: 21/24 MP: 3/3
  1671 | D:3      | Killed from afar by an orc wizard

Illustrated notes

Levels and vault maps discovered:
D:1:      beargit_arrival_diablo_church, layout_loops_ring, serial_shops,
          nicolae_shop_stone
D:2:      layout_basic
D:3:      layout_rooms, dreamdust_ecumenical_altar_sealed_demon, st_stairs_2

Skill      XL: |  1  2 |
---------------+-------+-----
Maces & Flails | 3 |  3.2
Fighting       | |  3.8
Armour         | |  3.2
Shields        | |  3.2

Action                   || total
-------------------------++-------
Melee: Flail             ||   100
Armor: Scale mail        ||    74
Dodge: Dodged            ||    57
Block: Buckler           ||    19

Table legend: (Time is in decaauts)
 A = Elapsed time spent in this place.
 B = Non-inter-level travel time spent in this place.
 C = Inter-level travel time spent in this place.
 D = Time resting spent in this place.
 E = Time spent auto-exploring this place.
 F = Levels seen in this place.
 G = Mean time per level.
                   A        B        C        D        E       F      G
               +--------+--------+--------+--------+--------+-----+--------+
         Total |   1699 |   1632 |     67 |    449 |    852 |   3 |  566.3 |
       Dungeon |   1699 |   1632 |     67 |    449 |    852 |   3 |  566.3 |
               +--------+--------+--------+--------+--------+-----+--------+

Top non-repeatable levels by time:
     D:1: 891 daAuts
     D:2: 699 daAuts
     D:3: 109 daAuts
